 Dungeon Crawl Stone Soup version 0.26.1-10-gdfb7c7de75 (webtiles) character file.

Game seed: 13147733729026345903

89 tardwrangler69 the Covered (level 4, -2/40 HPs)
             Began as a Minotaur Fighter on Apr 3, 2021.
             Was a Priest of Uskayaw.
             Killed by nerve-wracking pain
             ... invoked by Grinder
              (7 damage)
             ... while paralysed by Grinder
             ... on level 3 of the Dungeon.
             The game lasted 00:01:24 (1761 turns).

tardwrangler69 the Covered (Minotaur Fighter)       Turns: 1761, Time: 00:01:24

Health: -2/40      AC:  7    Str: 21    XL:     4   Next: 31%
Magic:  3/3        EV:  2    Int:  5    God:    Uskayaw [***...]
Gold:   157        SH:  0    Dex: 10    Spells: 3/3 levels left

rFire    . . .     SeeInvis .   a - +0 war axe
rCold    . . .     Faith    .   c - +0 kite shield
rNeg     . . .     Spirit   .   b - +0 scale mail
rPois    .         Reflect  .   (helmet restricted)
rElec    .         Harm     .   (no cloak)
rCorr    +         Rampage  .   (no gloves)
Will     .....                  (no boots)
Stlth    ..........             (no amulet)
HPRegen  0.13/turn              h - ring of resist corrosion (curse)
MPRegen  0.08/turn              (no ring)

@: paralysed
A: retaliatory headbutt, horns 2
a: Renounce Religion, Stomp, Line Pass


You were on level 3 of the Dungeon.
You worshipped Uskayaw.
Uskayaw was noncommittal.
You visited 1 branch of the dungeon, and saw 3 of its levels.

You collected 157 gold pieces.

Inventory:

Hand Weapons
 a - a +0 war axe (weapon)
Armour
 b - a +0 scale mail (worn)
 c - a +0 kite shield (worn)
Jewellery
 h - a cursed ring of resist corrosion (left hand)
Scrolls
 f - 2 scrolls of teleportation {unknown}
 g - 2 scrolls of enchant armour {unknown}
 j - a scroll of magic mapping {unknown}
 k - a scroll of noise {unknown}
 l - a scroll of immolation {unknown}
 o - 3 scrolls of identify {unknown}
 p - 2 scrolls of blinking {unknown}
 r - a scroll of remove curse {unknown}
Potions
 d - a potion of might
 e - 2 potions of curing {unknown}
 i - 2 potions of lignification {unknown}
 m - 2 potions of resistance {unknown}
 n - a potion of degeneration {unknown}
 q - a potion of flight {unknown}


   Skills:
 + Level 4.2 Fighting
 * Level 4.0 Axes
 + Level 4.3 Armour
 + Level 1.7 Dodging
 - Level 3.6 Shields


You had 3 spell levels left.
You didn't know any spells.
Your spell library was empty.

Dungeon Overview and Level Annotations

Branches:
Dungeon (3/15)

Altars:
Cheibriados
Kikubaaqudgha
Uskayaw
Vehumet
Xom

Annotations:
D:3 Grinder


Innate Abilities, Weirdness & Mutations

You reflexively headbutt those who attack you in melee.
You have a pair of horns on your head.


Message History

* * * LOW HITPOINT WARNING * * *
You slash Grinder! Your headbutt misses Grinder.
Grinder is almost dead.
You block Grinder's attack.
Uskayaw will force your foes to helplessly watch your dance.
Uskayaw prepares the audience for your solo!
The helpless Grinder fails to defend herself.
You hit Grinder.
Grinder is almost dead.
Grinder is no longer paralysed.
You block Grinder's attack.
You hit Grinder. Your headbutt misses Grinder.
Grinder is almost dead.
You block Grinder's attack. Grinder gestures at you.
You suddenly lose the ability to move!
Grinder gestures at you. You resist with significant effort.
Grinder gestures at you. Pain shoots through your body!
You die...

..##....#....≈≈≈######.#
#######
.............#_## #.#
..########...##### #.#
.. ####....# #.# ..
#....# #.# ..
#....#####.#
#....'..[..#
#....####### #..†@#
#...5# #....# .......
########


You could see Grinder.

Vanquished Creatures
  Jessica (D:2)
  An adder (D:2)
  2 worms
  4 dart slugs
  8 bats
  A giant cockroach (D:1)
  4 goblins
  4 hobgoblins
  4 jackals (D:2)
  3 kobolds
  A quokka (D:2)
  3 frilled lizards
  6 rats
42 creatures vanquished.

Notes
Turn   | Place    | Note
-------+----------+-------------------------------------------
     0 | D:1      | tardwrangler69 the Minotaur Fighter began the quest for the
                  | Orb.
     0 | D:1      | Reached XP level 1. HP: 19/19 MP: 0/0
   128 | D:1      | Found a blossoming altar of Fedhas.
   130 | D:1      | Found an ancient bone altar of Kikubaaqudgha.
   130 | D:1      | Found a blossoming altar of Fedhas.
   133 | D:1      | Found a shimmering altar of Xom.
   133 | D:1      | Found a sacrificial altar of Ru.
   133 | D:1      | Found a shimmering altar of Xom.
   139 | D:1      | Reached XP level 2. HP: 27/27 MP: 1/1
   728 | D:2      | Found a hide-covered altar of Uskayaw.
   734 | D:2      | Became a worshipper of Uskayaw the Reveller
   735 | D:2      | Reached * piety under Uskayaw
   738 | D:2      | Reached skill level 1 in Dodging
   738 | D:2      | Reached ** piety under Uskayaw
   870 | D:2      | Found a radiant altar of Vehumet.
   959 | D:2      | Reached XP level 3. HP: 33/33 MP: 2/2
  1119 | D:2      | Noticed Jessica
  1123 | D:2      | Killed Jessica
  1129 | D:2      | Reached *** piety under Uskayaw
  1130 | D:2      | Reached XP level 4. HP: 31/40 MP: 3/3
  1338 | D:2      | You fall into a shaft and drop 1 floor!
  1340 | D:3      | Found a snail-covered altar of Cheibriados.
  1743 | D:3      | Noticed Grinder
  1744 | D:3      | Paralysed by Grinder for 3 turns
  1749 | D:3      | Paralysed by Grinder for 3 turns
  1759 | D:3      | Paralysed by Grinder for 6 turns
  1761 | D:3      | Killed from afar by Grinder

Illustrated notes

Levels and vault maps discovered:
D:1:      lightli_arrival_chessboard, layout_loops_ring, doesnt_xom_only_xom
D:2:      layout_rooms, nicolae_overflow_hidden_temple, old_standard_altar,
          uniq_jessica
D:3:      layout_basic, kennysheep_slug_shrine, chequers_ecumenical_altar_lobes,
          serial_glass, glass_columns_c, glass_columns_b, glass_columns_a,
          kennysheep_generic_room_3, uniq_grinder

Skill      XL: |  1  2  3  4 |
---------------+-------------+-----
Axes           | 3 4 |  4.0
Dodging        | 1 |  1.7
Armour         | 4 |  4.3
Fighting       | 4 |  4.2
Shields        | |  3.6

Action                   |  1- 3 |  4- 6 || total
-------------------------+-------+-------++-------
Melee: War axe           |    68 |    35 ||   103
       Headbutt          |     4 |     3 ||     7
 Stab: Paralysed         |       |     1 ||     1
Armor: Scale mail        |    58 |     7 ||    65
Dodge: Dodged            |    26 |     7 ||    33
Block: Kite shield       |    43 |    13 ||    56
